 Dungeon Crawl Stone Soup version 0.29.1-15-g9cfb28693d (webtiles) character file.

Game seed: 9734498539904010709

211 Descartes the Magician (level 5, -3/28 HPs)
             Began as a Deep Elf Wanderer on Mar 2, 2023.
             Killed by divine providence
             ... invoked by an orc priest
              (12 damage)
             ... on level 4 of the Dungeon.
             The game lasted 00:04:32 (3671 turns).

Descartes the Magician (Deep Elf Wanderer)          Turns: 3671, Time: 00:04:33

Health: -3/28      AC:  5    Str:  7    XL:     5   Next: 57%
Magic:  1/15       EV: 10    Int: 17    God:
Gold:   211        SH:  3    Dex: 16    Spells: 11/15 levels left

rFire   + . .      SeeInvis .   f - +4 short sword
rCold   + . .      Faith    .   w - +0 buckler
rNeg    . . .      Spirit   .   y - +2 robe "Vumpemia" {rF+ rC+ Will++ Str-2}
rPois   .          Reflect  .   (no helmet)
rElec   .          Harm     .   (no cloak)
rCorr   .          Rampage  .   (no gloves)
Will    ++...                   c - +0 pair of boots
Stlth   ++........              (no amulet)
HPRegen 0.09/turn               (no ring)
MPRegen 0.14/turn               (no ring)

@: no status effects
A: no striking features
a: no special abilities


You were on level 4 of the Dungeon.
You visited 1 branch of the dungeon, and saw 4 of its levels.

You collected 211 gold pieces.

Inventory:

Hand Weapons
 a - a +2 dagger
 f - a +4 short sword (weapon)
Missiles
 b - 3 curare-tipped darts (quivered)
 g - 12 poisoned darts
Armour
 c - a +0 pair of boots (worn)
 e - a +0 robe
 w - a +0 buckler (worn)
 y - the +2 robe "Vumpemia" (worn) {rF+ rC+ Will++ Str-2}
   (You found it on level 3 of the Dungeon)

   Str:       It affects your strength (-2).
   rF:        It protects you from fire.
   rC:        It protects you from cold.
   Will:      It greatly increases your willpower.
Magical Staves
 o - a staff of fire
Scrolls
 d - a scroll of summoning
 h - a scroll of torment {unknown}
 k - a scroll of amnesia {unknown}
 l - 2 scrolls of enchant weapon {unknown}
 p - a scroll of immolation {unknown}
 s - 2 scrolls of fear {unknown}
 t - 2 scrolls of fog {unknown}
Potions
 i - 3 potions of haste {unknown}
 j - 3 potions of mutation {unknown}
 m - 2 potions of lignification {unknown}
 n - a potion of invisibility {unknown}
 q - a potion of degeneration {unknown}
 r - 2 potions of brilliance {unknown}
 u - 3 potions of curing {unknown}
 v - a potion of ambrosia {unknown}
 x - a potion of magic {unknown}


   Skills:
 - Level 3.0 Throwing
 - Level 1.0 Armour
 - Level 1.2 Stealth
 + Level 5.6 Spellcasting
 + Level 2.7 Conjurations
 + Level 3.6 Fire Magic
 + Level 0.7 Poison Magic
 + Level 2.6 Evocations


You had 11 spell levels left.
You knew the following spells:

 Your Spells              Type           Power      Damage    Failure   Level
a - Foxfire               Conj/Fire      60%        2x1d7     4%          1
b - Ignite Poison         Fire/Tmut/Pois 9%         N/A       30%         3

Your spell library contained the following spells:

 Spells                   Type           Power      Damage    Failure   Level
 Summon Ice Beast         Ice/Summ       4%         N/A       88%         4
 Summon Mana Viper        Hex/Summ       4%         N/A       99%         5
 Monstrous Menagerie      Summ           2%         N/A       100%        7


Dungeon Overview and Level Annotations

Branches:
Dungeon (4/15)
 Temple: D:4-7

Altars:


Message History

The foxfire hits the orc wizard but does no damage.
The orc wizard is almost dead.
The foxfire hits the orc wizard.
You kill the orc wizard!
Casting: Foxfire (safe; 4% risk of failure)
Confirm with . or Enter, or press ? or * to list all spells.
You conjure some foxfire!
The orc priest miscasts a cantrip.
The foxfire hits the orc priest.
The orc priest is moderately wounded.
Unknown command.
The foxfire hits the orc priest.
The orc priest is lightly wounded.
The orc priest hits you with a +0 morningstar!
Casting: Foxfire (safe; 4% risk of failure)
Confirm with . or Enter, or press ? or * to list all spells.
You conjure some foxfire!
The orc priest closely misses you. The orc priest barely misses you.
Unknown command.
The foxfire hits the orc priest.
The orc priest is moderately wounded.
The foxfire hits the orc priest.
The orc priest is severely wounded.
The orc priest hits you with a +0 morningstar.
The orc priest hits you but does no damage.
Casting: Foxfire (safe; 4% risk of failure)
Confirm with . or Enter, or press ? or * to list all spells.
You don't have enough magic to cast this spell.
Unknown command.
The orc priest attacks as you move away!
The orc priest hits you but does no damage.
The orc priest attacks as you move away!
The orc priest barely misses you.
Unknown command.
The orc priest casts a cantrip, but nothing happens.
The orc priest looks satisfied for a moment.
The orc attacks as you move away! The orc hits you with a +0 club.
The orc priest calls down the wrath of Beogh upon you.
Beogh smites you!
You die...

... #.. #....###
... +.. #..#<.#
....#.. #..##.# ยง
.....
...#######.....#
..##.#)
...........#####
#.....)###
#######.####
#...)J.# ##.#
#....Jo########..#
#.....ooo.@..#...#
#........###.>...#
#....#....########
#....#....#
#....#......
#....########
#.... ###


You could see 2 orc priests, 2 orcs and an endoplasm.

Vanquished Creatures
  Jessica (D:2)
  An orc wizard (D:4)
  5 adders
  3 gnolls (D:3)
  A worm (D:3)
  3 dart slugs
  4 orcs
  7 endoplasms
  3 giant cockroaches
  10 goblins
  6 hobgoblins
  4 quokkas
  5 ball pythons
  5 bats
  3 frilled lizards
  8 kobolds
  7 rats
76 creatures vanquished.

Vanquished Creatures (others)
  307 foxfires
307 creatures vanquished.

Grand Total: 383 creatures vanquished

Notes
Turn   | Place    | Note
-------+----------+-------------------------------------------
     0 | D:1      | Descartes the Deep Elf Wanderer began the quest for the
                  | Orb.
     0 | D:1      | Descartes set off with the following items: a +2 dagger, 3
                  | curare-tipped darts, a +0 pair of boots, a scroll of
                  | summoning, a +0 robe; and the following spell memorised:
                  | Foxfire; and the following spells available to memorise:
                  | Ignite Poison.
     0 | D:1      | Reached XP level 1. HP: 10/10 MP: 7/7
   166 | D:1      | Reached XP level 2. HP: 15/15 MP: 6/9
   376 | D:1      | Reached skill level 1 in Conjurations
   376 | D:1      | Reached skill level 1 in Evocations
   495 | D:1      | Found a faded altar of an unknown god.
   763 | D:1      | You fall into a shaft and drop 1 floor!
   793 | D:2      | Reached XP level 3. HP: 16/19 MP: 8/11
  1535 | D:2      | Noticed Jessica
  1537 | D:2      | Killed Jessica
  1538 | D:2      | Reached skill level 5 in Spellcasting
  1538 | D:2      | Reached XP level 4. HP: 24/24 MP: 10/13
  2808 | D:3      | Reached XP level 5. HP: 28/28 MP: 8/14
  3134 | D:3      | Learned a level 3 spell: Ignite Poison
  3291 | D:3      | Identified the +2 robe "Vumpemia" {rF+ rC+ Will++ Str-2}
  3671 | D:4      | Killed from afar by an orc priest

Illustrated notes

Levels and vault maps discovered:
D:1:      shiori_arrival_maze, layout_rooms, ebering_ecumenical_altar_box
D:2:      layout_basic, kennysheep_jessica_study
D:3:      layout_basic, minmay_quadrilaterals
D:4:      layout_basic, uniq_edmund

Skill      XL: |  1  2  3  4 |
---------------+-------------+-----
Conjurations   | 1 2 |  2.7
Evocations     | 1 2 |  2.6
Spellcasting   | 5 |  5.6
Fire Magic     | 3 |  3.6
Throwing       | |  3.0
Armour         | |  1.0
Stealth        | |  1.2
Poison Magic   | |  0.7

Action                   |  1- 3 |  4- 6 || total
-------------------------+-------+-------++-------
Melee: Short sword       |     1 |       ||     1
 Cast: Foxfire           |    66 |   109 ||   175
Armor: Robe              |     3 |     4 ||     7
Dodge: Dodged            |     9 |    15 ||    24
Block: Buckler           |       |     2 ||     2
